AoeStats
← Nick_618

Arena

510369669Analyzed
4v4 RM · 18h ago on Sep 30, 2026· 46m 14s· 8 players
Game mode
Random Map
Map size
Large (8 player)
Population
200
Speed
Normal
Resources
Standard
Victory
Conquest
Starting age
Dark Age
Ending age
Imperial Age
RankedLock teamsTeams togetherTeam positionsShared explorationLock speedFull tech treeHidden civsTurbo modeCheats
Victory
Defeat
🇮🇱 Celts · Israel
1085
+14
🇬🇧 Italians · United Kingdom
1076
+16
🇹🇼 Franks · Taiwan
1060
+15
🇹🇼 Magyars · Taiwan
1060
+15
🇲🇽 Celts · Mexico
1109
-17
🇨🇦 Teutons · Canada
1037
-15
🇬🇷 Britons · Greece
1030
-14
🇹🇷 Spanish · Türkiye
1015
-14
hello
10:49 Feudal Age
14:30 Castle Age
12:31 Double-Bit Axe
13:16 Horse Collar
16:05 Bow Saw
19:35 Loom
26:20 Stone Mining
27:14 Wheelbarrow
26:50 Light Cavalry
29:46 Corvinian Army
30:02 Heavy Plow
30:45 Scale Barding Armor
31:31 Bloodlines
31:21 Husbandry
32:07 Chain Barding Armor
31:51 Gold Mining
36:00 Imperial Age
34:10 Fletching
35:18 Bodkin Arrow
35:30 Thumb Ring
35:26 Elite Skirmisher
36:59 Ballistics
36:31 Elite Magyar Huszar
38:24 Plate Barding Armor
39:48 Chemistry
41:38 Hand Cart
41:17 Town Watch
41:58 Bracer
41:58 Padded Archer Armor
Nick_618
11:07 Feudal Age
15:26 Castle Age
13:15 Double-Bit Axe
13:12 Horse Collar
16:58 Bow Saw
17:12 Heavy Plow
19:21 Loom
21:41 Gold Mining
22:24 Stone Mining
26:08 Wheelbarrow
28:34 Imperial Age
25:57 Fletching
26:35 Padded Archer Armor
27:17 Bodkin Arrow
27:59 Ballistics
27:45 Scale Mail Armor
28:21 Hand Cart
28:58 Leather Archer Armor
28:51 Squires
28:13 Pikeman
29:38 Squires
30:50 Chemistry
30:56 Chain Mail Armor
31:59 Masonry
31:59 Bracer
32:44 Conscription
33:47 Ring Archer Armor
33:48 Plate Mail Armor
35:10 Two-Man Saw
34:42 Crop Rotation
34:27 Forging
34:16 Murder Holes
36:01 Elite Genoese Crossbowman
38:34 Arson
39:34 Iron Casting
42:33 Blast Furnace
43:02 Hoardings
45:56 Hoardings
45:35 Pirotechnia
hyperxrev
7:54 Loom
10:55 Feudal Age
17:01 Castle Age
15:25 Double-Bit Axe
15:32 Horse Collar
15:49 Loom
16:19 Gold Mining
17:20 Stone Mining
18:14 Wheelbarrow
20:08 Bow Saw
25:19 Heavy Plow
27:21 Hand Cart
28:55 Gold Shaft Mining
28:56 Stone Shaft Mining
28:42 Elite Skirmisher
32:27 Imperial Age
29:49 Elite Skirmisher
30:33 Padded Archer Armor
30:23 Fletching
31:03 Ballistics
32:49 Capped Ram
34:54 Chemistry
34:00 Siege Engineers
34:06 Fortified Wall
33:50 Heavy Scorpion
35:01 Furor Celtica
36:29 Leather Archer Armor
36:09 Bodkin Arrow
blueberry
0:43 Loom
11:59 Feudal Age
18:56 Castle Age
28:17 Light Cavalry
28:58 Husbandry
29:07 Scale Barding Armor
29:13 Forging
33:05 Imperial Age
31:11 Wheelbarrow
30:21 Town Watch
31:15 Chain Barding Armor
31:55 Double-Bit Axe
32:06 Gold Mining
32:06 Stone Mining
32:57 Iron Casting
33:57 Gold Shaft Mining
33:37 Bow Saw
33:25 Cavalier
35:06 Conscription
35:49 Hand Cart
35:36 Town Patrol
35:38 Paladin
37:48 Hoardings
38:49 Plate Barding Armor
39:19 Blast Furnace
43:04 Chivalry
[VL]_EoMeR_
11:33 Feudal Age
15:26 Castle Age
13:27 Man-at-Arms
14:01 Horse Collar
14:07 Double-Bit Axe
19:26 Forging
23:34 Bow Saw
33:07 Wheelbarrow
34:23 Scale Mail Armor
37:10 Imperial Age
35:21 Chain Mail Armor
35:55 Iron Casting
37:14 Elite Woad Raider
38:27 Plate Mail Armor
38:58 Blast Furnace
37:24 Capped Ram
38:11 Siege Ram
40:59 Pikeman
41:35 Halberdier
thegladiator989
10:12 Feudal Age
11:51 Wheelbarrow
12:40 Loom
15:36 Castle Age
13:28 Horse Collar
14:08 Double-Bit Axe
19:43 Fervor
21:43 Sanctity
21:56 Heavy Plow
26:12 Bow Saw
26:54 Hand Cart
29:08 Fortified Wall
32:11 Imperial Age
29:39 Gold Mining
29:41 Stone Mining
30:01 Town Watch
30:44 Masonry
30:55 Ballistics
30:29 Fletching
30:50 Forging
30:40 Scale Mail Armor
30:46 Scale Barding Armor
31:15 Gambesons
31:30 Squires
32:14 Bodkin Arrow
32:54 Iron Casting
32:28 Scale Barding Armor
33:22 Conscription
32:27 Pikeman
32:52 Arson
33:40 Chain Mail Armor
33:30 Halberdier
34:39 Bloodlines
36:14 Blast Furnace
35:56 Stone Shaft Mining
36:00 Crenellations
36:16 Hoardings
35:32 Cavalier
36:02 Heavy Scorpion
38:29 Chemistry
37:34 Siege Engineers
37:51 Chain Barding Armor
38:01 Plate Mail Armor
40:25 Elite Teutonic Knight
41:53 Plate Barding Armor
40:52 Paladin
43:05 Two-Man Saw
42:09 Padded Archer Armor
Morias1stt
9:41 Loom
11:26 Feudal Age
17:06 Castle Age
15:38 Stone Mining
16:27 Double-Bit Axe
24:44 Gold Mining
26:41 Bloodlines
32:15 Imperial Age
30:59 Wheelbarrow
30:52 Husbandry
31:29 Padded Archer Armor
32:50 Fervor
33:04 Sanctity
33:07 Hand Cart
32:49 Town Watch
34:24 Chemistry
33:45 Ballistics
34:00 Conscription
34:04 Light Cavalry
34:34 Elite Conquistador
38:19 Hussar
39:32 Fortified Wall
39:18 Murder Holes
39:34 Masonry
me1k0r
11:26 Feudal Age
12:34 Double-Bit Axe
12:47 Horse Collar
17:53 Castle Age
16:21 Fletching
16:36 Gold Mining
17:26 Padded Archer Armor
17:54 Stone Mining
18:46 Bow Saw
19:03 Bow Saw
20:21 Heavy Plow
25:22 Wheelbarrow
24:35 Loom
26:04 Bodkin Arrow
26:15 Town Watch
27:29 Gold Shaft Mining
27:49 Hand Cart
28:36 Ballistics
29:20 Fortified Wall
31:23 Leather Archer Armor
31:32 Yeomen
31:37 Yeomen
32:18 Town Patrol
35:58 Imperial Age
34:00 Forging
33:50 Scale Mail Armor
33:13 Pikeman
33:53 Squires
37:42 Conscription
37:38 Warwolf
39:14 Two-Man Saw
39:18 Chemistry
38:24 Siege Engineers
38:17 Man-at-Arms
38:44 Arson
38:45 Gambesons
39:03 Bracer
39:38 Iron Casting
39:18 Chain Mail Armor
39:34 Ring Archer Armor
39:49 Conscription
38:58 Long Swordsman
40:04 Chain Mail Armor
40:23 Ring Archer Armor
39:18 Crossbowman
39:42 Two-Handed Swordsman
40:31 Champion
42:00 Plate Mail Armor
42:32 Blast Furnace
Connection lost

Rejoining the realm…

Still unreachable

The connection could not be restored.

Session expired

The server has moved on; the page needs a fresh start.